 Dungeon Crawl Stone Soup version 0.31-a0-202-g547052bce9 (webtiles) character file.

Game seed: 13727927427426555016

51 lunkers the Magician (level 4, 0/38 HPs)
             Began as a Meteoran Wanderer on June 26, 2023.
             Slain by an adder (4 damage)
             ... on level 2 of the Dungeon.
             The game lasted 00:02:42 (662 turns).

lunkers the Magician (Meteoran Wanderer)             Turns: 662, Time: 00:02:43

Health: 0/38       AC:  5    Str: 12    XL:     4   Next: 27%
Magic:  10/10      EV: 10    Int: 15    God:
Gold:   67         SH:  0    Dex: 15    Spells: 9/10 levels left

rFire   . . .        a - +1 dagger
rCold   . . .        (no shield)
rNeg    . . .        g - +0 ring mail {Will+}
rPois   .            (no helmet)
rElec   .            (no cloak)
rCorr   .            (no gloves)
SInv    .            (no boots)
Will    +....        (no amulet)
Stlth   +            (no ring)
HPRegen 0.26/turn    (no ring)
MPRegen 0.12/turn

%: no passive effects
@: glowing
A: sense surroundings 1, otherworldly, glowing, explore regen
a: no special abilities


You were on level 2 of the Dungeon.
You visited 1 branch of the dungeon, and saw 2 of its levels.

You collected 67 gold pieces.

Inventory:

Hand Weapons
 a - a +1 dagger (weapon)
Missiles
 b - 2 atropa-tipped darts
 c - a datura-tipped dart
Armour
 g - a +0 ring mail of willpower (worn)
Scrolls
 d - a scroll of fog
Potions
 f - a potion of degeneration {unknown}


   Skills:
 - Level 3.2 Fighting
 - Level 1.2 Dodging
 - Level 2.1 Stealth
 + Level 3.6 Spellcasting
 * Level 3.5 Summonings


You had 9 spell levels left.
You knew the following spells:

 Your Spells              Type           Power      Damage    Failure   Level
p - Summon Small Mammal   Summ           52%        N/A       10%         1

Your spell library contained the following spells:

 Spells                   Type           Power      Damage    Failure   Level
 Call Canine Familiar     Summ           13%        N/A       30%         3


Dungeon Overview and Level Annotations

Branches:
Dungeon (2/15) Zot: 537

Altars:


Innate Abilities, Weirdness & Mutations

You passively map a small area around you.
You are easily found by Zot.
You glow in the dark.
You regain HP and MP as you explore.


Message History

You feel sick.
You are no longer poisoned.
The adder bites you.
* * * LOW HITPOINT WARNING * * *
The rat barely misses you.
You completely miss the adder.
The adder is moderately wounded.
The adder closely misses you. The rat closely misses you.
Unknown command.
You closely miss the adder.
The adder is moderately wounded.
The adder barely misses you. The rat bites you.
* * * LOW HITPOINT WARNING * * *
You hit the adder but do no damage.
The adder is moderately wounded.
The adder closely misses you. The adder barely misses you.
The rat bites you but does no damage.
You barely miss the adder.
The adder is moderately wounded.
The adder bites you but does no damage. The rat barely misses you.
You miss the adder.
The adder is moderately wounded.
The adder barely misses you. The rat closely misses you.
You closely miss the adder.
The adder is moderately wounded.
The adder bites you.
* * * LOW HITPOINT WARNING * * *
The adder barely misses you. The rat bites you but does no damage.
You barely miss the adder.
The adder is moderately wounded.
The adder misses you. The rat barely misses you.
You hit the adder.
The adder is moderately wounded.
The adder bites you.
* * * LOW HITPOINT WARNING * * *
The rat barely misses you.
You closely miss the adder.
The adder is moderately wounded.
The adder bites you.
You die...

..#####....................#,*
, #..############.†###...
#......## #...., #.......#
#)#### , , * #.......# #.#
#.......# #.# #.......# #.# *
* #.......#######.# * , ,
#........@Sg..... , ,
######....r.....# * ,
#..........# ############ * ,


You could see an adder, a hobgoblin and a rat.

Vanquished Creatures
  Natasha (D:2)
  A gnoll (D:1)
  A worm (D:2)
  3 endoplasms
  2 giant cockroaches
  A goblin (D:1)
  A frilled lizard (D:1)
  2 kobolds
  A rat (D:1)
13 creatures vanquished.

Vanquished Creatures (collateral kills)
  A ball python (D:1)
  A quokka (D:1)
2 creatures vanquished.

Grand Total: 15 creatures vanquished

Notes
Turn   | Place    | Note
-------+----------+-------------------------------------------
     0 | D:1      | lunkers the Meteoran Wanderer began the quest for the Orb.
     0 | D:1      | lunkers set off with the following items: a +1 dagger, 2
                  | atropa-tipped darts, a datura-tipped dart, a scroll of fog,
                  | a +0 robe; and the following spell memorised: Summon Small
                  | Mammal; and the following spells available to memorise:
                  | Call Canine Familiar.
     0 | D:1      | Reached XP level 1. HP: 19/19 MP: 5/5
   342 | D:1      | Reached XP level 2. HP: 14/26 MP: 1/7
   492 | D:1      | Reached XP level 3. HP: 18/31 MP: 8/8
   500 | D:1      | Glimpsed the power of Zot.
   596 | D:2      | Noticed Natasha
   611 | D:2      | Killed Natasha
   612 | D:2      | Reached XP level 4. HP: 4/38 MP: 8/10
   662 | D:2      | Slain by an adder

Illustrated notes

Levels and vault maps discovered:
D:1:      minmay_arrival_widening_spiral_narrow, layout_rooms,
          nicolae_grassy_gnolls
D:2:      layout_basic, uniq_natasha

Skill      XL: |  1  2  3 |
---------------+----------+-----
Spellcasting   | 3 |  3.6
Summonings     | 2 3 |  3.5
Fighting       | |  3.2
Dodging        | |  1.2
Stealth        | |  2.1

Action                     |  1- 3 |  4- 6 || total
---------------------------+-------+-------++-------
  Melee: Dagger            |    73 |    19 ||    92
         Punch             |     3 |       ||     3
   Cast: Summon Small Mamm |    12 |       ||    12
 Armour: Robe              |     6 |       ||     6
         Ring mail         |    18 |     8 ||    26
  Dodge: Dodged            |    36 |    20 ||    56

Table legend: (Time is in decaauts)
 A = Elapsed time spent in this place.
 B = Non-inter-level travel time spent in this place.
 C = Inter-level travel time spent in this place.
 D = Time resting spent in this place.
 E = Time spent auto-exploring this place.
 F = Levels seen in this place.
 G = Mean time per level.
                   A        B        C        D        E       F      G
               +--------+--------+--------+--------+--------+-----+--------+
         Total |    661 |    647 |     14 |      0 |    384 |   2 |  330.5 |
       Dungeon |    661 |    647 |     14 |      0 |    384 |   2 |  330.5 |
               +--------+--------+--------+--------+--------+-----+--------+

Top non-repeatable levels by time:
     D:1: 526 daAuts
     D:2: 135 daAuts
